 Dungeon Crawl Stone Soup version 0.16-a0-1120-gd281f79 (webtiles) character file.

8645 Hodglim the Thaumaturge (level 11, -11/54 HPs)
             Began as a Deep Elf Fire Elementalist on Oct 5, 2014.
             Was a Follower of Vehumet.
             Mangled by Ololoev's ghost (13 damage)
             ... on level 11 of the Dungeon on Oct 6, 2014.
             The game lasted 01:27:38 (13470 turns).

Hodglim the Thaumaturge (DEFE)                     Turns: 13470, Time: 01:27:38

Health: -11/54     AC:  7    Str:  6    XL:     11   Next: 12%
Magic:  8/34       EV: 13    Int: 23    God:    Vehumet [*.....]
Gold:   425        SH:  0    Dex: 15    Spells: 5 memorised, 20 levels left

rFire  + . .     SeeInvis .     P - +2 long sword (curse)
rCold  . . .     Clarity  .     O - +2 robe {rF+}
rNeg   + . .     SustAb   .     (no shield)
rPois  +         Gourm    +     e - +1 helmet
rElec  .         Spirit   .     (no cloak)
rCorr  .         Warding  .     r - +0 pair of gloves
rMut   .         Stasis   .     (no boots)
MR     +....                    o - amulet of the gourmand
Stlth  +.........               a - ring of poison resistance
                                L - ring of positive energy

@: confused, glowing, somewhat resistant to hostile enchantments, very
unstealthy
A: no striking features
a: Renounce Religion


You were on level 11 of the Dungeon.
You worshipped Vehumet.
Vehumet was aware of your devotion.
You were full.

You visited 2 branches of the dungeon, and saw 12 of its levels.
You also visited: Sewer.

You collected 425 gold pieces.

Inventory:

Hand weapons
 K - a +2 dagger of venom
 M - a cursed -2 trident
 P - a cursed +2 long sword (weapon)
Armour
 e - a +1 helmet (worn)
 r - a +0 pair of gloves (worn)
 A - the +1 shield "Dunuet" {rElec}
   (You found it on level 6 of the Dungeon)

   It insulates you from electricity.
 O - a +2 robe of fire resistance (worn)
Magical devices
 j - a wand of frost (15) {unknown}
 D - a wand of digging (16) {unknown}
 I - a wand of random effects (12) {unknown}
Comestibles
 c - 4 bread rations
 f - 7 fruits
 g - 4 meat rations
 z - 2 beef jerkies
Scrolls
 d - 2 scrolls of magic mapping
 v - a scroll of teleportation
 w - 2 scrolls of fear
 C - 4 scrolls of identify
 H - a scroll of fog
 J - a scroll of remove curse
 Q - a scroll of amnesia
Jewellery
 a - a ring of poison resistance (right hand)
 o - an amulet of the gourmand (around neck)
 E - an uncursed amulet of warding
 L - a ring of positive energy (left hand)
Potions
 h - 3 potions of might
 i - a potion of resistance {unknown}
 k - 3 potions of haste {unknown}
 m - 9 potions of curing
 p - a potion of confusion {unknown}
 q - 3 potions of agility {unknown}
 s - 4 potions of heal wounds
 t - 2 potions of flight
 u - a potion of porridge
 x - a potion of cancellation {unknown}
 F - a potion of invisibility {unknown}
 N - a potion of lignification {unknown}
Books
 b - a book of Flames

   Spells                             Type                      Level
   *Flame Tongue                      Conjuration/Fire             1
   Throw Flame                        Conjuration/Fire             2
   *Conjure Flame                     Conjuration/Fire             3
   Inner Flame                        Hexes/Fire                   3
   *Sticky Flame                      Conjuration/Fire             4
   *Fireball                          Conjuration/Fire             5
 n - a book of Cantrips

   Spells                             Type                      Level
   Corona                             Hexes                        1
   Animate Skeleton                   Necromancy                   1
   Summon Small Mammal                Summoning                    1
   Apportation                        Translocation                1
Miscellaneous
 l - a lantern of shadows


   Skills:
 - Level 2.4 Dodging
 - Level 2.4 Stealth
 + Level 4.7 Shields
 + Level 12.2 Spellcasting
 + Level 10.2 Conjurations
 + Level 10.9 Fire Magic


You had 20 spell levels left.
You knew the following spells:

 Your Spells              Type           Power        Failure   Level  Hunger
a - Flame Tongue          Conj/Fire      #####        1%          1    None
b - Sticky Flame          Conj/Fire      ######..     1%          4    None
c - Conjure Flame         Conj/Fire      ######..     1%          3    None
d - Fireball              Conj/Fire      ######....   1%          5    ###....
e - Sting                 Conj/Pois      ####         1%          1    None


Dungeon Overview and Level Annotations

Branches:
Dungeon (11/15)            Temple (1/1) D:4             Orc (0/4) D:10
   Lair: D:8-11

Altars:
Ashenzari
Cheibriados
Dithmenos
Elyvilon
Fedhas
Gozag
Kikubaaqudgha
Makhleb
Nemelex Xobeh
Okawaru
Qazlal
Ru
Sif Muna
Trog
Vehumet
Xom
Yredelemnul
Zin
The Shining One

Annotations:
D:9 bronies4ever's ghost, powerful FoFi
D:11 Ololoev's ghost, powerful SpEn


Message History

* * * LOW HITPOINT WARNING * * *
You are electrocuted!
* * * LOW HITPOINT WARNING * * *
Drink which item? (? for menu, Esc to quit)
You feel much better.
The hill giant burns!
The bat hits you but does no damage. Ololoev's ghost casts a spell at you.
You are outlined in light.
The soldier ant stings you! The yak closely misses you.
Ololoev's ghost hits you!
* * * LOW HITPOINT WARNING * * *
You completely miss Ololoev's ghost.
The hill giant burns!
You kill the hill giant!
Vehumet accepts your kill. The bat hits you but does no damage.
The bat misses you. The soldier ant closely misses you. The yak gores you.
* * * LOW HITPOINT WARNING * * *
Ololoev's ghost hits you.
* * * LOW HITPOINT WARNING * * *
You are electrocuted!
You die...

...... #........
..# ......
#....... .....
.#... #......#
...# .#..
.....##...##. .#
#.......>... .#
######............
.# #..r......###
.# #..bWr......#
.# #..@Y)....#.#
.# #...a...$.#.#
## #........##.#
#........)..#
#.#....%##### ..
#.#.#.### #
..#.#.# .#.#(%)[
..#.


You could see a yak, a soldier ant, Ololoev's ghost, a bat and 2 rats.

Vanquished Creatures
  The ghost of Conn321 the Hoplite, an experienced GrFi of Dithmenos (D:8)
  4 hill giants
  2 trolls
  The ghost of Archteshnor the Slasher, an average HuCK of Xom (D:4)
  A two-headed ogre (D:10)
  A deep elf mage (D:9)
  A hill giant skeleton (D:8)
  A steam dragon (D:9)
  Edmund (D:7)
  2 hungry ghosts
  A water moccasin (D:10)
  A black bear (D:9)
  2 orc warriors
  6 ogres
  3 ice beasts
  4 centaurs
  2 sky beasts
  3 big kobolds (Sewer)
  Sigmund (D:2)
  3 giant frogs
  2 scorpions
  2 yak zombies (D:8)
  4 wights (D:9)
  14 killer bees
  The ghost of Duskembrace the Ducker, a weakling SpAK of Lugonu (D:3)
  2 hounds
  4 crimson imps
  A centaur zombie (D:8)
  4 iguanas
  A goliath beetle (D:6)
  8 orc wizards
  6 jellies
  A giant frog skeleton (D:4)
  7 orc priests
  8 worker ants
  An elf skeleton (D:9)
  A killer bee zombie (D:9)
  Ijyb (D:3)
  A big kobold skeleton (D:8)
  2 ogre skeletons
  A sky beast zombie (D:5)
  8 adders
  4 gnolls
  2 shadow imps
  4 giant mites
  2 worms (D:4)
  An adder zombie (D:5)
  3 giant geckos
  4 oozes
  17 orcs
  9 bats
  A bat skeleton (D:6)
  6 giant cockroaches
  14 goblins
  15 hobgoblins
  16 jackals
  29 kobolds
  9 quokkas
  4 ball pythons
  A giant gecko zombie (D:6)
  3 giant newts
  A hobgoblin skeleton (D:7)
  A hobgoblin zombie (D:8)
  A kobold skeleton (D:6)
  2 orc skeletons
  26 rats
  A rat zombie (D:8)
  4 ballistomycetes (D:10)
301 creatures vanquished.

Vanquished Creatures (others)
  5 sheep (D:3)
  2 giant spores (D:10)
  A ballistomycete (D:10)
  2 fungi (D:11)
  2 plants (D:11)
12 creatures vanquished.

Grand Total: 313 creatures vanquished

Notes
Turn   | Place    | Note
--------------------------------------------------------------
     0 | D:1      | Hodglim, the Deep Elf Fire Elementalist, began the quest for the Orb.
     0 | D:1      | Reached XP level 1. HP: 10/10 MP: 5/5
   293 | D:1      | Reached XP level 2. HP: 15/15 MP: 4/8
  1205 | D:2      | Reached XP level 3. HP: 19/19 MP: 9/11
  1356 | D:2      | Reached skill level 4 in Spellcasting
  1709 | D:2      | Noticed Sigmund
  2227 | D:3      | Reached XP level 4. HP: 16/24 MP: 10/15
  2381 | D:3      | Learned a level 4 spell: Sticky Flame
  2385 | D:3      | Learned a level 3 spell: Conjure Flame
  2484 | D:3      | Found a shimmering altar of Xom.
  2549 | D:3      | Noticed Duskembrace's ghost (weakling SpAK)
  2553 | D:3      | Killed Duskembrace's ghost
  2602 | D:3      | Found a glowing drain.
  2616 | D:3      | Reached skill level 5 in Spellcasting
  2616 | D:3      | Reached XP level 5. HP: 12/28 MP: 4/19
  2622 | Sewer    | Entered a sewer
  3343 | Sewer    | Reached skill level 5 in Fire Magic
  3343 | Sewer    | Reached XP level 6. HP: 27/32 MP: 12/21
  3347 | Sewer    | Reached skill level 6 in Spellcasting
  3509 | D:3      | Noticed Ijyb
  3520 | D:3      | Killed Ijyb
  3600 | D:3      | Learned a level 5 spell: Fireball
  3769 | D:3      | Reached XP level 7. HP: 36/36 MP: 19/24
  4572 | D:4      | Noticed Archteshnor's ghost (average HuCK)
  4602 | D:5      | Entered Level 5 of the Dungeon
  4951 | D:5      | Reached skill level 7 in Spellcasting
  5132 | D:5      | Reached skill level 5 in Conjurations
  5873 | D:6      | Got a faintly glowing shield
  6033 | D:6      | Reached XP level 8. HP: 36/41 MP: 14/27
  6435 | D:6      | Reached skill level 8 in Spellcasting
  7065 | D:7      | Found a glowing silver altar of Zin.
  7495 | D:7      | Reached skill level 9 in Spellcasting
  7677 | D:7      | Noticed Edmund
  7695 | D:7      | Killed Edmund
  8073 | D:7      | Reached XP level 9. HP: 32/45 MP: 24/29
  8421 | D:8      | Noticed Conn321's ghost (experienced GrFi)
  8433 | D:8      | Killed Conn321's ghost
  8433 | D:8      | Reached skill level 10 in Spellcasting
  9279 | D:9      | Identified the +1 shield "Dunuet" {rElec} (You found it on level 6 of the Dungeon)
  9305 | D:9      | HP: 1/45 [deep elf mage/bolt of magma (11)]
  9307 | D:9      | Reached skill level 1 in Shields
  9503 | D:9      | Reached skill level 11 in Spellcasting
  9504 | D:9      | Noticed bronies4ever's ghost (powerful FoFi)
  9767 | D:9      | Reached XP level 10. HP: 48/50 MP: 27/32
 10142 | D:10     | Entered Level 10 of the Dungeon
 10317 | D:10     | Noticed a hill giant
 10332 | D:10     | Killed a hill giant
 10945 | D:4      | Reached skill level 10 in Fire Magic
 11235 | D:4      | Killed Archteshnor's ghost
 11435 | D:4      | Found a staircase to the Ecumenical Temple.
 11440 | Temple   | Entered the Ecumenical Temple
 11449 | Temple   | Became a worshipper of Vehumet
 11599 | D:2      | Killed Sigmund
 12227 | D:10     | Upgraded the game from 0.16-a0-1083-g6a3eec8 to 0.16-a0-1120-gd281f79
 12366 | D:10     | Found a staircase to the Orcish Mines.
 12395 | D:10     | Noticed a hill giant
 12404 | D:10     | Killed a hill giant
 12521 | D:10     | Acquired Vehumet's first power
 12521 | D:10     | Offered knowledge of Sting by Vehumet.
 12745 | D:10     | Learned a level 1 spell: Sting
 12754 | D:10     | Noticed a hill giant
 12762 | D:10     | Killed a hill giant
 12762 | D:10     | Reached skill level 12 in Spellcasting
 12762 | D:10     | Reached skill level 10 in Conjurations
 13309 | D:11     | Reached XP level 11. HP: 54/54 MP: 26/34
 13444 | D:11     | Noticed a hill giant
 13461 | D:11     | Noticed Ololoev's ghost (powerful SpEn)
 13470 | D:11     | Killed a hill giant
 13470 | D:11     | HP: 2/54 [Ololoev's ghost (5)]
 13470 | D:11     | Mangled by Ololoev's ghost

Action                   |  1- 3 |  4- 6 |  7- 9 | 10-12 || total
-------------------------+-------+-------+-------+-------++-------
Melee: Club              |     7 |       |       |       ||     7
       Dagger            |       |     1 |     3 |       ||     4
       Broad axe         |       |       |    19 |       ||    19
       War axe           |       |       |    45 |     9 ||    54
       Long sword        |       |       |       |    15 ||    15
 Cast: Flame Tongue      |    86 |   111 |   249 |   121 ||   567
       Conjure Flame     |       |     1 |       |       ||     1
       Sticky Flame      |       |     1 |    47 |    37 ||    85
       Fireball          |       |       |    10 |    22 ||    32
       Sting             |       |       |       |     1 ||     1
  Use: Scroll            |       |     4 |     4 |     3 ||    11
       Potion            |       |     2 |     4 |     2 ||     8
  Eat: Chunk             |     4 |     3 |    17 |    17 ||    41
       Pizza             |       |     1 |       |       ||     1
       Fruit             |       |       |     2 |     1 ||     3
       Meat ration       |       |       |     1 |       ||     1
       Bread ration      |       |       |       |     1 ||     1
